Map: Deathaura LE

Players

Kas

  • Race: Terran Terran
  • Spawn Location: 11:00

goblin - Winner!

  • Race: Protoss Protoss
  • League: Grandmaster
  • Spawn Location: 5:00

Event: DreamHack SC2 Masters 2020 Winter

VOD

Have the link to the VOD?

Description

Time

  • Played on: Oct. 23, 2020, 1:30 p.m.
  • Length: 20:45

All games in this series

Show
View Real Time Build Order
Export as new Build Order

Kas Terran 

Build Orders: Reaper Expand 

Get SALT Encoding   

  12  0:00  SCV  
  13  0:12  SCV  
  14  0:17  Supply Depot  
  14  0:24  SCV  
  15  0:38  SCV  
  15  0:40  Barracks  
  16  0:43  Refinery  
  16  0:50  SCV  
  17  1:02  SCV  
  18  1:15  SCV  
  19  1:26  Reaper  
  19  1:28  Orbital Command  
  20  1:46  Command Center  
  20  1:51  Supply Depot  
  20  1:54  SCV  
  20  1:58  Marine  
  22  2:06  SCV  
  23  2:11  Factory  
  23  2:17  Bunker  
  23  2:20  Barracks Reactor  
  23  2:23  SCV  
  23  2:27  Refinery  
  24  2:37  SCV  
  25  2:49  SCV  
  26  2:56  Starport  
  26  2:57  Orbital Command  
  26  2:58  Marine x2  
  26  3:01  SCV  
  26  3:04  Widow Mine  
  31  3:14  SCV  
  31  3:16  Marine  
  31  3:19  Supply Depot  
  33  3:24  SCV  
  33  3:26  SCV, Factory Tech Lab  
  35  3:30  Marine  
  36  3:34  Marine  
  36  3:36  SCV  
  36  3:41  Viking  
  40  3:42  SCV  
  40  3:48  Cyclone, SCV  
  45  3:51  Marine  
  45  3:54  SCV  
  45  3:55  Supply Depot  
  47  3:57  Marine  
  47  4:00  SCV  
  49  4:06  SCV  
  49  4:08  Marine  
  51  4:12  SCV, Viking  
  51  4:16  Marine  
  55  4:20  Cyclone  
  55  4:23  SCV  
  59  4:24  Supply Depot  
  59  4:26  Marine  
  59  4:27  SCV  
  61  4:34  Marine  
  62  4:39  Supply Depot x2  
  62  4:46  Marine, Viking, SCV x2  
  62  4:52  Marine  
  68  5:00  SCV  
  68  5:01  Cyclone  
  68  5:02  SCV  
  68  5:03  Command Center  
  68  5:07  Supply Depot x2  
  72  5:12  Marine x2, SCV  
  75  5:15  SCV  
  75  5:19  Barracks  
  75  5:34  Barracks  
  75  5:35  SCV x2  
  77  5:36  Marine x2  
  77  5:37  Cyclone  
  82  5:53  SCV, Marine  
  82  5:54  Marine  
  81  5:57  Barracks  
  81  5:58  Barracks  
  81  5:59  SCV  
  67  6:05  Refinery, Engineering Bay  
  67  6:06  Refinery  
  67  6:08  SCV  
  67  6:11  Cyclone, Marine x2  
  60  6:14  Viking  
  60  6:16  Barracks Tech Lab  
  60  6:17  Orbital Command  
  60  6:18  SCV  
  63  6:20  SCV  
  63  6:21  Barracks Tech Lab  
  64  6:29  Marine  
  64  6:30  SCV, Marine  
  64  6:32  Terran Infantry Weapons Level 1  
  67  6:33  SCV  
  67  6:34  Missile Turret, Marine, Stimpack  
  69  6:41  Marine  
  69  6:42  SCV  
  69  6:43  Widow Mine  
  69  6:44  Combat Shield  
  69  6:45  SCV  
  72  6:47  Marine  
  72  6:48  SCV, Marine  
  72  6:50  Marine x2  
  72  6:52  Marine, Viking  
  79  6:54  SCV  
  79  6:57  Missile Turret  
  79  6:59  Marine  
  79  7:00  SCV x2  
  83  7:10  Supply Depot  
  83  7:11  SCV  
  83  7:12  Marine x2, Barracks Reactor, Factory Reactor  
  83  7:13  Orbital Command  
  83  7:14  Marauder  
  88  7:16  SCV  
  88  7:17  Marauder  
  88  7:21  Concussive Shells  
  88  7:22  Marauder  
  93  7:24  Starport Reactor  
  93  7:25  SCV  
  93  7:28  SCV  
  95  7:30  Marine x2  
  95  7:35  Supply Depot x2  
  98  7:37  SCV  
  98  7:42  SCV  
  98  7:43  SCV, Missile Turret  
  100  7:45  Marauder x2  
  100  7:46  Marauder  
  100  7:48  Missile Turret, Refinery, Marine x2  
  100  7:49  SCV  
  109  7:54  Widow Mine x2, Marine x2, SCV  
  109  7:55  SCV  
  117  8:02  SCV, Refinery, Ghost Academy  
  117  8:05  Medivac x2  
  122  8:07  SCV  
  122  8:08  SCV  
  124  8:14  SCV, Command Center  
  124  8:19  SCV  
  126  8:32  Starport  
  126  8:35  Viking x2  
  126  8:39  SCV x2  
  126  8:40  Marauder x3  
  138  8:55  SCV x2  
  140  8:58  Supply Depot x2  
  140  8:59  Enhanced Shockwaves  
  140  9:00  Supply Depot x2  
  140  9:01  Supply Depot, Ghost x3  
  140  9:02  Supply Depot, Marine x2  
  146  9:03  Marine  
  149  9:18  SCV x3, Viking x2  
  149  9:19  Viking x2  
  160  9:28  Marine x3  
  160  9:29  Marine, Ghost  
  160  9:30  SCV  
  167  9:31  SCV  
  167  9:35  Barracks  
  167  9:37  Barracks  
  168  9:39  Barracks  
  168  9:44  SCV  
  166  9:48  SCV  
  167  9:53  Planetary Fortress  
  167  9:54  SCV  
  167  9:55  Missile Turret  
  167  9:56  SCV  
  169  10:00  Marauder x3, Marine x3  
  169  10:01  Marine  
  169  10:05  Armory  
  169  10:06  Engineering Bay  
  177  10:11  Terran Infantry Armor Level 1  
  177  10:13  Viking x4  
  183  10:25  Barracks Tech Lab  
  183  10:26  Barracks Tech Lab  
  181  10:30  Command Center, Personal Cloaking  
  181  10:33  Barracks Reactor  
  181  10:34  Marauder x3  
  181  10:35  Marine x2  
  188  10:40  Refinery  
  188  10:42  Refinery  
  189  10:43  Viking  
  191  10:50  Viking x3  
  191  10:54  Terran Infantry Weapons Level 2  
  191  10:56  Terran Ship Weapons Level 1  
  147  11:27  Viking x4  
  147  11:29  Marauder  
  147  11:30  Marauder x4, Marine x4  
  147  11:31  Marine x2  
  169  11:33  Ghost Academy  
  169  11:34  SCV x2  
  169  11:35  SCV  
  172  11:49  Command Center  
  172  11:56  Nuke  
  172  11:57  Viking  
  172  11:58  Viking  
  172  11:59  Viking x2  
  180  12:02  Ghost  
  180  12:06  Missile Turret, Nuke  
  180  12:08  Missile Turret  
  182  12:09  Missile Turret  
  182  12:12  Marauder x2  
  186  12:16  Planetary Fortress  
  186  12:18  Missile Turret  
  186  12:23  Marauder x2  
  186  12:27  Viking  
  186  12:28  Marine  
  193  12:31  Marauder  
  193  12:33  Marauder, Barracks  
  197  12:38  Ghost  
  199  12:50  Command Center  
  199  12:51  Command Center  
  199  13:12  Nuke  
  199  13:13  Nuke  
  199  13:16  Ghost Academy  
  199  13:20  Barracks Tech Lab, Starport  
  199  13:22  Orbital Command  
  199  13:23  Starport  
  199  13:24  Starport  
  199  13:28  Fusion Core  
  199  13:30  Command Center  
  199  13:31  Command Center  
  199  13:43  Ghost Academy  
  179  14:07  Viking x2  
  179  14:08  Viking x5  
  167  14:12  Marine, Ghost x3  
  167  14:13  Marine  
  140  14:20  Marine x2, Marauder  
  140  14:21  Marauder  
  140  14:22  Marine x3  
  124  14:27  Nuke  
  124  14:28  Nuke x3  
  124  14:30  Marine x2  
  126  14:31  Advanced Ballistics  
  126  14:35  Orbital Command x2  
  126  14:37  Viking  
  126  14:38  Marine x2  
  126  14:39  Viking x2  
  126  14:40  Marine x4, Viking x2  
  126  14:41  Marine x3, Ghost  
  126  14:44  Viking x2  
  134  15:06  Ghost x2  
  136  15:07  Viking, Ghost x2  
  136  15:09  Viking x2  
  136  15:12  Viking  
  148  15:19  Refinery  
  148  15:20  Refinery  
  148  15:21  Starport Tech Lab x3  
  148  15:32  Ghost  
  148  15:33  Ghost  
  148  15:34  Marine x6  
  148  15:35  Marine x2  
  160  15:36  Marine  
  160  15:42  Ghost  
  159  15:46  Nuke  
  161  15:58  Marine x5  
  166  16:06  Marine x5  
  169  16:17  Medivac x3  
  169  16:18  Marine, Ghost x2  
  174  16:19  Marine x4  
  183  16:26  Marine x3, Command Center  
  183  16:27  Marine  
  183  16:28  Marine  
  186  16:36  Marine x2  
  188  16:47  Marine x2  
  188  16:50  Nuke x4  
  188  16:55  Marine  
  188  16:59  Marine  
  190  17:03  Marine  
  190  17:04  Marine x2  
  191  17:18  Weapon Refit  
  191  17:21  Starport  
  190  17:23  Starport  
  190  17:24  Missile Turret  
  190  17:27  Refinery  
  190  17:28  Refinery  
  190  17:31  Battlecruiser  
  196  17:45  Planetary Fortress  
  183  18:19  Nuke x2  
  179  18:22  Starport Tech Lab, Battlecruiser x2  
  185  18:36  Battlecruiser  
  186  18:54  Battlecruiser x2  
  198  19:02  Command Center  
  198  19:03  Command Center  
  184  19:26  Battlecruiser  
  146  19:32  Battlecruiser  
  146  19:33  Viking x2  
  146  19:35  Marine  
  140  19:39  Marine x2  
  140  19:40  Battlecruiser  
  140  19:42  Marine x2  
  148  19:49  Marine x2  
  154  20:02  Starport Tech Lab  
  146  20:08  Marine x3  
  146  20:10  Marine x2  
  146  20:14  Marine, Viking x2  
Show
View Real Time Build Order
Export as new Build Order

goblin Protoss - Winner!

Build Orders: 1 Gate Expand, Phoenix Opening, Carriers 

Get SALT Encoding   

  12  0:00  Probe  
  13  0:12  Probe  
  14  0:17  Pylon  
  14  0:24  Probe (Chrono Boost)  
  15  0:36  Probe (Chrono Boost)  
  15  0:37  Gateway  
  16  0:45  Probe (Chrono Boost)  
  16  0:46  Assimilator  
  17  0:51  Probe  
  18  1:03  Probe  
  19  1:15  Probe  
  20  1:24  Cybernetics Core  
  20  1:33  Nexus  
  20  1:42  Pylon  
  20  1:44  Probe  
  20  1:51  Assimilator  
  20  1:57  Adept (Chrono Boost), Probe  
  23  2:09  Probe  
  24  2:21  Probe  
  24  2:22  Stargate  
  25  2:27  Stalker  
  27  2:33  Probe (Chrono Boost)  
  27  2:36  Warp Gate  
  28  2:43  Probe (Chrono Boost)  
  29  2:47  Probe (Chrono Boost)  
  31  2:53  Probe (Chrono Boost)  
  31  2:55  Probe (Chrono Boost)  
  31  2:57  Stalker  
  34  2:59  Probe (Chrono Boost)  
  34  3:00  Probe (Chrono Boost)  
  36  3:06  Phoenix  
  36  3:11  Probe (Chrono Boost)  
  40  3:14  Probe (Chrono Boost)  
  40  3:21  Pylon  
  40  3:24  Probe (Chrono Boost)  
  42  3:28  Probe (Chrono Boost)  
  42  3:29  Probe (Chrono Boost)  
  42  3:31  Phoenix  
  45  3:35  Probe  
  45  3:39  Probe  
  47  3:45  Twilight Council  
  47  3:48  Pylon, Probe  
  48  3:51  Probe  
  49  4:00  Phoenix, Probe  
  52  4:03  Gateway  
  52  4:04  Gateway  
  52  4:06  Probe  
  53  4:12  Probe  
  54  4:22  Nexus  
  54  4:23  Charge (Chrono Boost)  
  54  4:25  Pylon  
  54  4:29  Zealot  
  56  4:36  Phoenix  
  58  4:41  Assimilator, Probe x2  
  58  4:42  Pylon  
  60  4:53  Probe x2  
  62  5:00  Phoenix (Chrono Boost)  
  62  5:05  Probe x2  
  66  5:10  Gateway  
  66  5:11  Shield Battery  
  66  5:12  Gateway  
  66  5:14  Gateway, Zealot  
  66  5:16  Zealot  
  66  5:19  Zealot  
  72  5:24  Phoenix  
  74  5:32  Pylon  
  74  5:34  Pylon  
  72  5:38  Zealot x2  
  72  5:39  Zealot  
  78  5:45  Probe x2  
  78  5:49  Phoenix  
  78  5:56  Probe (Chrono Boost)  
  77  5:58  Probe (Chrono Boost)  
  77  6:03  Zealot x3  
  81  6:04  Probe (Chrono Boost)  
  81  6:09  Stalker, Probe (Chrono Boost)  
  84  6:14  Phoenix, Probe x2 (Chrono Boost)  
  84  6:16  Probe (Chrono Boost)  
  89  6:18  Probe (Chrono Boost)  
  89  6:19  Probe (Chrono Boost)  
  89  6:23  Forge, Probe  
  92  6:29  Probe  
  92  6:31  Probe  
  94  6:34  Sentry  
  94  6:36  Probe, Protoss Air Weapons Level 1  
  94  6:39  Phoenix (Chrono Boost)  
  99  6:40  Pylon  
  99  6:41  Probe  
  99  6:43  Probe  
  101  6:50  Protoss Ground Armor Level 1 (Chrono Boost), Probe  
  101  6:53  Nexus  
  102  7:00  Probe x2  
  102  7:01  Oracle (Chrono Boost)  
  107  7:04  Pylon, Robotics Facility  
  107  7:07  Probe  
  108  7:11  Gateway  
  108  7:12  Gateway  
  108  7:13  Probe x2  
  110  7:21  Pylon  
  110  7:22  Probe  
  111  7:25  Assimilator, Probe  
  111  7:26  Assimilator  
  112  7:30  Pylon, Zealot x3  
  112  7:31  Phoenix  
  120  7:41  Zealot x3  
  126  7:52  Observer (Chrono Boost)  
  126  7:55  Robotics Bay  
  126  7:56  Assimilator, Phoenix  
  126  7:57  Probe x3  
  132  8:01  Assimilator, Gateway  
  132  8:02  Gateway  
  132  8:09  Observer (Chrono Boost)  
  132  8:10  Zealot x2  
  132  8:11  Zealot  
  139  8:22  Observer  
  139  8:23  Probe x4  
  143  8:28  Forge  
  143  8:29  Pylon, Observer  
  143  8:30  Pylon  
  143  8:32  Robotics Facility  
  144  8:35  Probe  
  144  8:36  Protoss Ground Weapons Level 1  
  145  8:46  Colossus (Chrono Boost)  
  145  8:47  Extended Thermal Lance  
  151  8:55  Pylon  
  151  8:59  Protoss Ground Armor Level 2 (Chrono Boost)  
  151  9:00  Zealot x6  
  151  9:01  Observer  
  163  9:05  Pylon  
  163  9:13  Pylon x2  
  163  9:14  Observer  
  163  9:16  Colossus (Chrono Boost)  
  163  9:17  Nexus  
  163  9:19  Pylon, Observer  
  169  9:28  Fleet Beacon, Warp Prism (Chrono Boost)  
  169  9:29  Stargate  
  171  9:47  Stalker  
  171  9:48  Stalker x2, Zealot x5  
  186  9:52  Colossus (Chrono Boost)  
  186  9:57  Observer (Chrono Boost)  
  191  10:08  Photon Cannon, Zealot x2  
  191  10:09  Zealot  
  191  10:10  Photon Cannon  
  191  10:11  Shield Battery  
  197  10:14  Shield Battery  
  191  10:30  Phoenix  
  191  10:32  Zealot x3  
  199  10:37  Stargate  
  199  10:48  Protoss Ground Weapons Level 2 (Chrono Boost)  
  199  10:52  Probe  
  199  10:55  Assimilator  
  200  10:57  Photon Cannon, Anion Pulse-Crystals, Pylon  
  200  11:06  Protoss Air Weapons Level 2 (Chrono Boost)  
  196  11:14  Phoenix x2 (Chrono Boost)  
  196  11:16  Observer  
  187  11:22  Zealot x6  
  187  11:23  Zealot x4  
  187  11:24  Disruptor x2  
  153  11:27  Carrier (Chrono Boost)  
  153  11:30  Protoss Ground Armor Level 3  
  155  11:33  Carrier x2 (Chrono Boost)  
  167  11:45  Blink  
  167  11:48  Probe  
  167  11:49  Assimilator, Probe x2  
  167  11:50  Pylon  
  167  11:54  Gateway  
  170  11:55  Stargate  
  170  11:58  Observer  
  170  12:00  Disruptor  
  173  12:03  Disruptor  
  176  12:09  Photon Cannon  
  176  12:10  Photon Cannon, Shield Battery  
  176  12:12  Assimilator  
  176  12:13  Observer  
  176  12:14  Pylon  
  176  12:22  Carrier (Chrono Boost)  
  176  12:27  Carrier (Chrono Boost)  
  187  12:37  Carrier (Chrono Boost)  
  193  12:46  Observer  
  193  12:49  Pylon  
  193  12:50  Stalker  
  193  12:51  Stalker x2  
  199  12:55  Pylon  
  196  13:01  Oracle (Chrono Boost)  
  198  13:16  Observer  
  198  13:20  Photon Cannon  
  198  13:22  Photon Cannon, Shield Battery  
  198  13:25  Shield Battery  
  198  13:27  Stalker  
  200  13:34  Gateway  
  200  13:37  Gateway, Protoss Air Weapons Level 3 (Chrono Boost)  
  200  13:43  Gateway  
  200  13:48  Photon Cannon  
  200  13:49  Pylon  
  200  13:50  Photon Cannon  
  200  13:55  Photon Cannon  
  182  14:04  Carrier x3 (Chrono Boost)  
  188  14:16  Probe x2  
  159  14:26  Carrier (Chrono Boost)  
  159  14:34  Photon Cannon  
  159  14:42  Probe x5  
  154  14:54  Probe x4  
  154  14:55  Zealot x2  
  154  14:56  Observer  
  154  14:57  Nexus  
  154  14:58  Pylon  
  154  14:59  Disruptor x2 (Chrono Boost)  
  150  15:01  Carrier (Chrono Boost)  
  150  15:05  Carrier x2 (Chrono Boost)  
  150  15:23  Disruptor x2 (Chrono Boost)  
  156  15:29  Zealot  
  156  15:30  Zealot x2  
  156  15:31  Stalker  
  156  15:32  Sentry  
  166  15:39  Observer  
  166  15:43  Photon Cannon  
  166  15:50  Disruptor x2 (Chrono Boost)  
  172  16:00  Photon Cannon  
  172  16:04  Carrier (Chrono Boost)  
  176  16:19  Observer x2  
  165  16:30  Probe  
  165  16:31  Probe x3  
  165  16:32  Stalker x3  
  171  16:33  Stalker x4  
  183  16:41  Carrier x2 (Chrono Boost)  
  195  17:01  Zealot x2  
  193  17:05  Dark Shrine  
  195  17:10  Zealot  
  188  18:07  Zealot x2  
  181  18:24  Zealot x4  
  174  18:42  Pylon  
  174  18:43  Nexus  
  172  18:48  Observer x2 (Chrono Boost)  
  151  19:19  Dark Templar x4  
  122  19:31  Stalker x3  
  122  19:32  Stalker x5  
Tags
 
Add a new tag
Caveats
  • Supply blocks, unpowered buildings, or Contaminate may cause inaccurate times.
  • Supply counts are checked every 10 seconds.